 Dungeon Crawl Stone Soup version 0.29.1-12-g30fa7ad0bf (console) character file.

Game seed: 1434792366546035715

29913 om the Severer (level 13, -6/169 HPs)
             Began as a Minotaur Berserker on Nov 21, 2022.
             Was a High Priest of Trog.
             Mangled by an orc warlord
             ... wielding a +0 long sword
              (29 damage)
             ... on level 12 of the Dungeon on Jan 3, 2023.
             The game lasted 00:34:12 (20544 turns).

om the Severer (Minotaur Berserker)                Turns: 20544, Time: 00:34:13

Health: -6/169     AC: 18    Str: 26    XL:     13   Next: 17%
Magic:  0/12       EV: 12    Int:  8    God:    Trog [*****.]
Gold:   1231       SH:  0    Dex: 11    Spells: 12/12 levels left

rFire   + + .      SeeInvis +   a - +2 war axe (flame)
rCold   . . .      Faith    .   (no shield)
rNeg    . . .      Spirit   +   K - +1 chain mail {rF+}
rPois   .          Reflect  .   (helmet restricted)
rElec   .          Harm     .   v - +0 cloak of Depression {Int+4 Stlth+}
rCorr   .          Rampage  .   S - +1 pair of gloves
Will    .....                   r - +0 pair of boots
Stlth   ..........              J - amulet of guardian spirit
HPRegen 0.38/turn               t - ring of protection from fire
MPRegen 0.13/turn               z - ring of see invisible

@: berserking, very quick
A: horns 2, retaliatory headbutt
a: Renounce Religion, Berserk, Trog's Hand, Brothers in Arms


You were on level 12 of the Dungeon.
You worshipped Trog.
Trog was extremely pleased with you.
You visited 3 branches of the dungeon, and saw 16 of its levels.
You also visited: Sewer and Bailey.

You collected 1613 gold pieces.
You spent 382 gold pieces at shops.

Inventory:

Hand Weapons
 a - a +2 war axe of flaming (weapon)
 b - a +2 sling of freezing
 i - a +0 antimagic war axe
Missiles
 T - 2 throwing nets
Armour
 r - a +0 pair of boots (worn)
 v - the +0 cloak of Depression (worn) {Int+4 Stlth+}
   (You found it on level 3 of the Dungeon)

   Int:       It affects your intelligence (+4).
   Stlth:     It makes you more stealthy.
 K - a +1 chain mail of fire resistance (worn)
 Q - +2 swamp dragon scales
 S - a +1 pair of gloves (worn)
Jewellery
 d - a ring of fire
 f - an amulet of reflection
 g - a ring of positive energy
 t - a ring of protection from fire (left hand)
 z - a ring of see invisible (right hand)
 B - a ring of willpower
 J - an amulet of guardian spirit (around neck)
 N - a ring of resist corrosion
 W - a ring of protection from cold
Wands
 x - a wand of quicksilver (25)
 A - a wand of iceblast (14)
 F - a wand of paralysis (19)
 G - a wand of polymorph (10)
 L - a wand of flame (18)
Scrolls
 e - 3 scrolls of brand weapon
 j - 11 scrolls of teleportation
 l - 8 scrolls of immolation
 n - a scroll of fog
 p - 3 scrolls of fear
 q - a scroll of poison
 s - 8 scrolls of enchant armour
 u - 5 scrolls of enchant weapon
 w - a scroll of acquirement {unknown}
 y - 3 scrolls of vulnerability
 D - 3 scrolls of noise {unknown}
 E - a scroll of silence
 M - 3 scrolls of blinking {unknown}
 O - a scroll of summoning
 U - a scroll of identify
 V - a scroll of torment {unknown}
Potions
 c - 4 potions of might
 h - 3 potions of haste
 k - 6 potions of curing
 m - 5 potions of flight
 o - 4 potions of resistance
 C - 2 potions of ambrosia
 I - 2 potions of attraction {unknown}
 P - 2 potions of heal wounds
 R - 5 potions of lignification
Miscellaneous
 H - a condenser vane


   Skills:
 - Level 10.0 Fighting
 - Level 16.0 Axes
 - Level 10.0 Ranged Weapons
 + Level 11.5 Armour
 + Level 11.3 Dodging
 - Level 3.0 Evocations


You had 12 spell levels left.
You didn't know any spells.
Your spell library was empty.

Dungeon Overview and Level Annotations

Branches:
Dungeon (12/15)            Temple (0/1) D:5            Lair (3/5) D:9
 Shoals (0/4) Lair:3       Spider (0/4) Lair:3          Orc (1/2) D:12
  Sewer (visited)          Bailey (visited)

Altars:
Fedhas
Gozag
Okawaru
Qazlal
Ru
Sif Muna
Uskayaw
Vehumet
Wu Jian
Xom
The Shining One

Shops:
D:8 =*(   D:12 *

Annotations:
D:7 2 transporters


Innate Abilities, Weirdness & Mutations

You have a pair of horns on your head.
You reflexively headbutt those who attack you in melee.


Message History

The orc warlord hits you with a +0 long sword!
The orc warlord blocks your attack.
Your headbutt misses the orc warlord. You slash the orc warrior!
You burn the orc warrior.
You kill the orc warrior!
Trog accepts your kill.
You hit the orc warlord. You burn the orc warlord.
The orc warlord blocks your attack.
The orc warlord is lightly wounded.
The orc warlord hits you with a +0 long sword!
* * * LOW HITPOINT WARNING * * *
You hit the orc warlord but do no damage.
The orc warlord blocks your attack.
You punch the orc warlord!
The orc warlord is lightly wounded.
You closely miss the warg. The warg bites you.
* * * LOW HITPOINT WARNING * * *
The orc warlord blocks your attack.
Your headbutt misses the orc warlord.
The orc warlord is lightly wounded.
You hit the warg. You burn the warg.
The orc warlord hits you with a +0 long sword!
* * * LOW HITPOINT WARNING * * *
You hit the orc warlord. You burn the orc warlord.
The orc warlord is lightly wounded.
You slash the warg! You burn the warg. The warg barely misses you.
You slash the orc warlord! You burn the orc warlord.
The orc warlord blocks your attack.
The orc warlord is moderately wounded.
You miss the warg.
The orc warlord hits you with a +0 long sword!
* * * LOW HITPOINT WARNING * * *
The warg bites you but does no damage.
You slash the orc warlord! You burn the orc warlord.
The orc warlord is moderately wounded.
You barely miss the warg.
You hit the orc warlord but do no damage.
The orc warlord is moderately wounded.
You hit the warg. You burn the warg. The warg misses you.
You furiously retaliate!
You headbutt the warg!
You kill the warg!
Trog accepts your kill.
The orc warlord hits you with a +0 long sword!!
You die...

#.# ###.### ####.###### #.....#
#.........# #...... #.........#
#.....# #.........#########
#.....# #.....!....[......#####
#.....#
#.........#######.....#####.....#
#.........# #.###...........#
#.........# #.# #######.....#
##.######## ##)# ###.### #..#
#@o# #..# ##.# #### ##'#### #.#
#...... ##.#### #...... #.....#
################......
#.....#####..............'......
#...........##############......
#.....####### #...... #######
#...... #######


You could see an orc warlord (strong).

Vanquished Creatures
  A boulder beetle (Lair:3)
  Erica (Lair:2)
  A catoblepas (Lair:1)
  A two-headed ogre (D:12)
  Pikel (D:5)
  2 orc knights (Bailey)
  An oklob plant (Lair:3)
  A deep elf pyromancer (D:12)
  A cyclops (D:12)
  3 wolf spiders (Lair:3)
  Joseph (D:7)
  9 cane toads
  2 gargoyles
  Psyche (D:8)
  Maggie (D:8)
  2 unseen horrors
  2 rime drakes
  3 komodo dragons
  2 trolls (D:12)
  A hornet (D:10)
  Prince Ribbit (Lair:1)
  18 blink frogs
  Sigmund (D:5)
  2 jumping spiders (Lair:3)
  2 wraiths
  2 shadows
  A vampire (D:12)
  3 wyverns
  32 yaks
  Grum (D:8)
  A warg (D:12)
  3 acid dragons
  Duvessa (D:4)
  6 water moccasins
  7 orc warriors
  2 ice beasts
  2 sky beasts (D:7)
  A black bear (D:7)
  An ogre (D:6)
  4 wolves (D:8)
  9 centaurs
  2 phantoms
  12 bullfrogs
  7 kobold brigands
  A scorpion (D:5)
  13 wights
  Dowan (D:4)
  6 killer bees (D:10)
  4 howler monkeys
  A lava snake (D:7)
  5 hounds
  3 jellies
  8 orc priests
  2 gnoll boudas
  7 iguanas
  A merfolk siren (Sewer)
  21 orc wizards
  A merfolk avatar (Sewer)
  11 gnolls
  14 adders
  2 river rats (Sewer)
  An ufetubus (D:7)
  A worm (D:2)
  3 dart slugs
  38 orcs
  8 ball pythons
  10 endoplasms
  5 giant cockroaches
  8 goblins
  9 hobgoblins
  10 jackals
  9 quokkas
  3 bats
  11 frilled lizards
  18 kobolds
  31 rats
  A butterfly (D:5)
425 creatures vanquished.

Vanquished Creatures (others)
  10 fungi
  81 plants
91 creatures vanquished.

Grand Total: 516 creatures vanquished

Notes
Turn   | Place    | Note
-------+----------+-------------------------------------------
     0 | D:1      | om the Minotaur Berserker began the quest for the Orb.
     0 | D:1      | Reached XP level 1. HP: 19/19 MP: 0/0
   287 | D:1      | Reached XP level 2. HP: 23/27 MP: 1/1
   289 | D:1      | Reached skill level 4 in Axes
   540 | D:1      | Found a faded altar of an unknown god.
   587 | D:1      | Reached XP level 3. HP: 17/33 MP: 2/2
   800 | D:1      | Reached ** piety under Trog
  1920 | D:2      | Reached XP level 4. HP: 37/40 MP: 3/3
  2755 | D:3      | Upgraded the game from 0.29.1-2-gbd0b4ee654 to
                  | 0.29.1-4-g47bece8355
  2814 | D:3      | Reached skill level 5 in Axes
  3106 | D:3      | Reached XP level 5. HP: 47/47 MP: 4/4
  3353 | D:3      | Found a glowing drain.
  3357 | Sewer    | Entered a sewer
  3400 | Sewer    | Reached *** piety under Trog
  3604 | Sewer    | Reached XP level 6. HP: 55/55 MP: 5/5
  3645 | Sewer    | Reached skill level 6 in Axes
  3652 | Sewer    | Reached **** piety under Trog
  3653 | Sewer    | Reached skill level 5 in Fighting
  4215 | D:3      | Identified the +0 cloak of Depression {Int+4 Stlth+}
  4535 | D:3      | Found a stormy altar of Qazlal.
  4708 | D:4      | Noticed Dowan
  4709 | D:4      | Noticed Duvessa
  4718 | D:4      | Killed Dowan
  4719 | D:4      | Reached skill level 7 in Axes
  4731 | D:4      | Killed Duvessa
  4732 | D:4      | Reached XP level 7. HP: 34/61 MP: 6/6
  5012 | D:4      | Reached skill level 8 in Axes
  5327 | D:4      | Found a glowing golden altar of the Shining One.
  5360 | D:4      | Found a radiant altar of Vehumet.
  5601 | D:5      | Entered Level 5 of the Dungeon
  5607 | D:5      | Noticed Pikel
  5617 | D:5      | Killed Pikel
  5618 | D:5      | Reached skill level 10 in Axes
  5618 | D:5      | Reached XP level 8. HP: 68/68 MP: 7/7
  5729 | D:5      | Noticed Sigmund
  5736 | D:5      | Killed Sigmund
  5737 | D:5      | Reached skill level 11 in Axes
  6051 | D:5      | Found a staircase to the Ecumenical Temple.
  6220 | D:5      | Reached skill level 12 in Axes
  6886 | D:6      | Reached skill level 1 in Evocations
  6888 | D:6      | Reached XP level 9. HP: 75/75 MP: 8/8
  7067 | D:6      | Found an iron altar of Okawaru.
  7270 | D:6      | Reached skill level 5 in Armour
  7421 | D:6      | Reached skill level 5 in Dodging
  7738 | D:7      | Found a transporter.
  8092 | D:7      | Found a shimmering blue altar of Sif Muna.
  8328 | D:7      | Found a blossoming altar of Fedhas.
  8334 | D:7      | Found an opulent altar of Gozag.
  8390 | D:7      | Found a transporter.
  8596 | D:7      | Noticed a troll
  8604 | D:7      | Noticed a five-headed hydra
  8690 | D:7      | Found a hide-covered altar of Uskayaw.
  9147 | D:7      | Noticed Joseph
  9155 | D:7      | Killed Joseph
  9156 | D:7      | Reached XP level 10. HP: 81/84 MP: 9/9
  9320 | D:8      | Found a sacrificial altar of Ru.
  9331 | D:8      | Reached skill level 1 in Ranged Weapons
  9629 | D:8      | Upgraded the game from 0.29.1-4-g47bece8355 to
                  | 0.29.1-12-g30fa7ad0bf
  9811 | D:8      | Noticed Grum
  9825 | D:8      | Killed Grum
 10009 | D:8      | Found Qigom's Jewellery Shoppe.
 10221 | D:8      | Noticed Maggie
 10227 | D:8      | Killed Maggie
 10307 | D:8      | Reached skill level 5 in Ranged Weapons
 10364 | D:8      | Found a shimmering altar of Xom.
 10375 | D:8      | Noticed Psyche
 10390 | D:8      | Killed Psyche
 10878 | D:8      | Found Telousk's Assorted Antiques.
 10885 | D:8      | Bought a scroll of identify for 64 gold pieces
 10885 | D:8      | Bought a pair of embroidered gloves for 240 gold pieces
 10936 | D:8      | Found Mumpua's Weapon Emporium.
 11081 | D:9      | Found a flagged portal.
 11099 | Bailey   | Entered a bailey
 11163 | Bailey   | Reached ***** piety under Trog
 11163 | Bailey   | Noticed an orc knight
 11177 | Bailey   | Noticed an orc knight
 11178 | Bailey   | Killed an orc knight
 11193 | Bailey   | Killed an orc knight
 11299 | Bailey   | Reached XP level 11. HP: 58/92 MP: 6/10
 11511 | Bailey   | Found a bloodstained altar of Trog.
 11789 | D:9      | Reached skill level 10 in Ranged Weapons
 11854 | D:9      | Found a staircase to the Lair.
 12163 | D:10     | Entered Level 10 of the Dungeon
 12672 | D:10     | Found an ornate altar of the Wu Jian Council.
 13655 | D:11     | Reached skill level 10 in Fighting
 13800 | D:12     | Found Ninuadut's General Store.
 13802 | D:12     | Found Wyfetixa's Specific Store.
 13807 | D:12     | Bought a scroll of identify for 26 gold pieces
 13807 | D:12     | Bought a scroll of identify for 26 gold pieces
 13807 | D:12     | Bought a scroll of identify for 26 gold pieces
 13814 | D:12     | Noticed a deep elf pyromancer
 13825 | D:12     | Killed a deep elf pyromancer
 13858 | D:12     | Noticed a two-headed ogre
 13864 | D:12     | Killed a two-headed ogre
 14018 | D:12     | Found a staircase to the Orcish Mines.
 14046 | D:12     | Reached skill level 13 in Axes
 15038 | Lair:1   | Entered Level 1 of the Lair of Beasts
 15073 | Lair:1   | Reached XP level 12. HP: 99/106 MP: 9/11
 15163 | Lair:1   | Noticed a catoblepas
 15176 | Lair:1   | Killed a catoblepas
 15936 | Lair:1   | Reached skill level 14 in Axes
 16661 | Lair:2   | Noticed Prince Ribbit
 16683 | Lair:1   | Killed Prince Ribbit
 16974 | Lair:2   | Noticed Erica
 16989 | Lair:2   | Killed Erica
 17448 | Lair:2   | Reached skill level 10 in Armour
 17566 | Lair:2   | Reached skill level 15 in Axes
 17907 | Lair:3   | Reached skill level 10 in Dodging
 18400 | Lair:3   | Reached skill level 16 in Axes
 18627 | Lair:3   | Noticed a boulder beetle
 18648 | Lair:3   | Killed a boulder beetle
 18744 | Lair:3   | Found a staircase to the Shoals.
 19022 | Lair:3   | Reached XP level 13. HP: 113/113 MP: 10/12
 20338 | Lair:3   | Found a hole to the Spider Nest.
 20526 | Orc:1    | Entered Level 1 of the Orcish Mines
 20526 | Orc:1    | Noticed an orc warlord
 20544 | D:12     | Mangled by an orc warlord

Illustrated notes

Levels and vault maps discovered:
D:1:      beargit_arrival_greenhouse, layout_basic,
          chequers_ecumenical_altar_simple_redux
D:2:      layout_loops_corners
D:3:      layout_loops_ring, nicolae_qazlal_eye_of_the_storm,
          gup_sewer_entry_spiral
D:4:      layout_basic, mainiacjoe_overflow_catwalk,
          mainiacjoe_overflow_brackets, st_stairs_11, uniq_duvessa
D:5:      wander_river, layout_basic, minmay_temple_entry_butterflies,
          uniq_pikel, uniq_sigmund
D:6:      layout_loops_ring, okawaru_gym_becter, kennysheep_cluttered_room
D:7:      gammafunk_the_bubble [the_bubble_gammafunk_grid], layout_basic,
          nicolae_gozag_seed_capital, mainiacjoe_overflow_catch_the_wave,
          kennysheep_mini, amcnicky_mini_pool_medium, uniq_joseph
D:8:      layout_loops_ring, nicolae_ru_awakened_eye,
          mainiacjoe_overflow_chevrons, serial_shops, shop_fountains,
          nicolae_inconvenience_store, nicolae_shop_window_shopping,
          minmay_misc_feat_more_columns, uniq_psyche, uniq_maggie, uniq_grum
D:9:      layout_roguey, dpeg_oklobed_lair, enter_bailey_4
D:10:     layout_cave_pools, lemuel_crystal_altar
D:11:     layout_basic
D:12:     layout_roguey, orc_0_dummy, nicolae_specific_store
Lair:1:   layout_layer_cave
Lair:2:   layout_regular_city, st_stairs_3, grunt_megastairs_4, uniq_erica,
          uniq_prince_ribbit2
Lair:3:   layout_gridlike, minmay_shoals_entry_centaurs,
          spider_nest_entry_funnel_web, minmay_lair_oklob_items
Orc:1:    layout_caves, david_defended_altar_orc

Skill      XL: |  1  2  3  4  5  6  7  8  9 10 11 12 13 |
---------------+----------------------------------------+-----
Axes           | 4 5 7 10 12 13 16 | 16.0
Fighting       | 4 5 6 7 10 | 10.0
Armour         | 3 4 8 9 10 11 | 11.5
Dodging        | 3 4 8 10 11 | 11.3
Evocations     | 1 3 |  3.0
Ranged Weapons | 9 10 | 10.0

Action                   |  1- 3 |  4- 6 |  7- 9 | 10-12 | 13-15 || total
-------------------------+-------+-------+-------+-------+-------++-------
Melee: Hand axe          |    70 |   176 |   156 |       |       ||   402
       Headbutt          |     8 |    19 |    49 |   103 |    13 ||   192
       Punch             |     1 |       |     2 |     8 |     1 ||    12
       War axe           |       |       |    97 |   487 |    69 ||   653
       Unarmed           |       |       |       |    10 |       ||    10
 Fire: Sling             |       |       |       |    41 |     9 ||    50
Invok: Berserk           |       |     4 |     8 |    18 |     2 ||    32
       Trog's Hand       |       |       |     1 |     2 |       ||     3
Evoke: Wand              |       |       |       |     4 |       ||     4
  Use: Scroll            |     2 |     7 |     2 |    12 |       ||    23
       Potion            |       |     1 |       |     1 |       ||     2
 Stab: Sleeping          |     1 |     4 |     6 |     2 |       ||    13
       Confused          |       |       |     1 |     1 |       ||     2
       Paralysed         |       |       |       |     4 |       ||     4
Armor: Animal skin       |    14 |    51 |    39 |     3 |       ||   107
       Chain mail        |       |       |       |   197 |    25 ||   222
       Skin              |       |       |       |     4 |       ||     4
Dodge: Dodged            |    60 |    94 |   134 |   263 |    25 ||   576
